 Dungeon Crawl Stone Soup version 0.29-a0-550-g81e455f4c2 (webtiles) character file.

Game seed: 269041300808951946

697 PentaManta the Martial Artist (level 7, -1/50 HPs)
             Began as a Merfolk Gladiator on June 5, 2022.
             Was an Initiate of Dithmenos.
             Slain by a steam dragon (5 damage)
             ... on level 5 of the Dungeon.
             The game lasted 00:15:10 (5566 turns).

PentaManta the Martial Artist (Merfolk Gladiator)   Turns: 5566, Time: 00:15:10

Health: -1/50      AC:  7    Str: 14    XL:     7   Next: 65%
Magic:  7/7        EV: 13    Int: 10    God:    Dithmenos [......]
Gold:   191        SH:  0    Dex: 15    Spells: 6/6 levels left

rFire   . . .      SeeInvis .     - Unarmed
rCold   . . .      Faith    .   (no shield)
rNeg    . . .      Spirit   .   h - +0 ring mail
rPois   .          Reflect  .   b - +0 helmet
rElec   .          Harm     .   (no cloak)
rCorr   .          Rampage  .   (no gloves)
Will    .....                   n - +0 pair of boots
Stlth   +.........              (no amulet)
HPRegen 0.16/turn               i - ring of flight
MPRegen 0.10/turn               (no ring)

@: flying
A: (nimble swimmer 2), mertail
a: Renounce Religion


You were on level 5 of the Dungeon.
You worshipped Dithmenos.
Dithmenos was noncommittal.
You visited 2 branches of the dungeon, and saw 7 of its levels.

You collected 191 gold pieces.

Inventory:

Hand Weapons
 f - a +4 dagger
Missiles
 c - 3 throwing nets
 d - a javelin
 l - 11 poisoned darts (quivered)
Armour
 a - a +0 leather armour
 b - a +0 helmet (worn)
 h - a +0 ring mail (worn)
 k - a +0 robe
 n - a +0 pair of boots (worn)
 v - a +0 chain mail
Jewellery
 i - a ring of flight (left hand)
Wands
 g - a wand of acid (10)
 A - a wand of iceblast (9)
Scrolls
 e - 2 scrolls of vulnerability {unknown}
 j - 7 scrolls of teleportation {unknown}
 m - a scroll of noise {unknown}
 t - a scroll of enchant weapon {unknown}
 u - 3 scrolls of identify {unknown}
 x - a scroll of fear {unknown}
 y - a scroll of acquirement {unknown}
 z - a scroll of poison {unknown}
 C - a scroll of magic mapping {unknown}
Potions
 o - a potion of might {unknown}
 p - 5 potions of curing {unknown}
 q - 3 potions of brilliance {unknown}
 r - a potion of attraction {unknown}
 s - a potion of mutation {unknown}
 w - 2 potions of magic {unknown}
 B - a potion of resistance {unknown}


   Skills:
 - Level 2.1 Fighting
 - Level 2.0 Throwing
 + Level 7.1 Dodging
 - Level 8.1 Unarmed Combat


You had 6 spell levels left.
You didn't know any spells.
Your spell library contained the following spells:

 Spells                   Type           Power      Damage    Failure   Level
 Foxfire                  Conj/Fire      0%         2x1d4     61%         1
 Summon Small Mammal      Summ           0%         N/A       61%         1
 Call Canine Familiar     Summ           0%         N/A       93%         3
 Conjure Flame            Conj/Fire      0%         6-21      93%         3
 Inner Flame              Hex/Fire       0%         N/A       93%         3
 Portal Projectile        Hex/Tloc       0%         N/A       93%         3
 Summon Guardian Golem    Hex/Summ       0%         N/A       93%         3
 Flame Wave               Conj/Fire      0%         2d4       100%        4
 Leda's Liquefaction      Hex/Erth       0%         N/A       100%        4


Dungeon Overview and Level Annotations

Branches:
Dungeon (6/15)             Temple (1/1) D:5

Altars:
Ashenzari
Cheibriados
Dithmenos
Elyvilon
Fedhas
Gozag
Hepliaklqana
Kikubaaqudgha
Makhleb
Nemelex Xobeh
Okawaru
Qazlal
Ru
Sif Muna
Trog
Uskayaw
Vehumet
Xom
Yredelemnul
Zin
The Shining One


Innate Abilities, Weirdness & Mutations

((You are very nimble when in or above water. (Stealth+, EV+, Speed+++)))
Your lower body shifts to a powerful aquatic tail in water.


Message History

The ball of steam misses you.
There is a stone staircase leading up here.
You are engulfed in a cloud of scalding steam.
You see here a throwing net.
c - 3 throwing nets (gained 1)
You are engulfed in a cloud of scalding steam.
The gnoll is engulfed in a cloud of scalding steam.
You are engulfed in a cloud of scalding steam.
The gnoll closely misses you.
There is a stone staircase leading up here.
You are engulfed in a cloud of scalding steam.
The gnoll hits you with a +0 spear. The steam dragon closely misses you.
The steam dragon completely misses you.
You fly upwards.
There is a stone staircase leading down here.
You punch the gnoll!
You kill the gnoll!
Dithmenos accepts your kill. The steam dragon barely misses you.
The steam dragon claws you but does no damage.
You hit the steam dragon.
The steam dragon is lightly wounded.
The steam dragon bites you. The steam dragon barely misses you.
You hit the steam dragon.
The steam dragon is moderately wounded.
The steam dragon completely misses you. The steam dragon claws you.
You punch the steam dragon!
The steam dragon is severely wounded.
The steam dragon breathes steam at you. The ball of steam hits you!
* * * LOW HITPOINT WARNING * * *
You closely miss the steam dragon. Your punch misses the steam dragon.
The steam dragon is severely wounded.
You are engulfed in a cloud of scalding steam.
You punch the steam dragon! Your punch misses the steam dragon.
The steam dragon is almost dead.
You are engulfed in a cloud of scalding steam.
* * * LOW HITPOINT WARNING * * *
The steam dragon bites you.
You die...

#.##..#######..# #...#
#.# ###.##.......##..#
##.#.###.#
.................#
##.###.##.#
###.###.####.##..####.##
##.#.# #.# #.#
#.##......## ##..### #.#
#.# #.##..####.##
##.#.... #.#
#.####.##..##
##.###.......
#.###.........ยง)#
##.#.#######
#............D@## ##.##
################ ###


You could see a steam dragon (catching breath).

Vanquished Creatures
  2 ogres
  A bullfrog (D:5)
  A jelly (D:4)
  A hound (D:4)
  3 orc priests (D:5)
  A gnoll shaman (D:5)
  An iguana (D:3)
  An orc wizard (D:3)
  9 adders
  7 gnolls
  2 worms (D:5)
  4 dart slugs
  11 orcs
  6 endoplasms
  A giant cockroach (D:4)
  7 goblins
  11 hobgoblins
  3 quokkas
  6 ball pythons (D:1)
  4 bats
  3 frilled lizards
  9 kobolds
  5 rats
99 creatures vanquished.

Notes
Turn   | Place    | Note
-------+----------+-------------------------------------------
     0 | D:1      | PentaManta the Merfolk Gladiator began the quest for the
                  | Orb.
     0 | D:1      | Reached XP level 1. HP: 16/16 MP: 1/1
   141 | D:1      | Reached XP level 2. HP: 9/22 MP: 2/2
   426 | D:1      | Reached skill level 4 in Unarmed Combat
   607 | D:1      | Reached XP level 3. HP: 27/27 MP: 3/3
  1044 | D:2      | Reached skill level 5 in Unarmed Combat
  1217 | D:2      | Reached XP level 4. HP: 29/33 MP: 4/4
  1570 | D:3      | Reached skill level 6 in Unarmed Combat
  1570 | D:3      | Reached XP level 5. HP: 20/38 MP: 5/5
  1844 | D:3      | Found a faded altar of an unknown god.
  2483 | D:4      | Reached skill level 7 in Unarmed Combat
  2483 | D:4      | Reached XP level 6. HP: 32/44 MP: 6/6
  2655 | D:5      | Entered Level 5 of the Dungeon
  3315 | D:6      | Reached skill level 8 in Unarmed Combat
  4058 | D:5      | Found a staircase to the Ecumenical Temple.
  4093 | Temple   | Entered the Ecumenical Temple
  4214 | Temple   | Became a worshipper of Dithmenos the Shadowed
  4382 | D:4      | Reached XP level 7. HP: 27/50 MP: 7/7
  4513 | D:4      | Reached skill level 5 in Dodging
  5307 | D:6      | Noticed a steam dragon
  5566 | D:5      | Slain by a steam dragon

Illustrated notes

Levels and vault maps discovered:
D:1:      lightli_arrival_flooded_house, layout_loops_cross
D:2:      layout_basic
D:3:      layout_rooms, ebering_ecumenical_altar_hall, kennysheep_nondescript
D:4:      layout_cave_pools
D:5:      layout_loops_ring, minmay_temple_entry_arrows
D:6:      layout_basic
Temple:   compressed_dpeg_circular_temple

Skill      XL: |  1  2  3  4  5  6  7 |
---------------+----------------------+-----
Unarmed Combat | 4 5 6 7 8 |  8.1
Dodging        | 7 |  7.1
Fighting       | |  2.1
Throwing       | |  2.0

Action                   |  1- 3 |  4- 6 |  7- 9 || total
-------------------------+-------+-------+-------++-------
Melee: Unarmed           |    22 |   123 |    33 ||   178
       Punch             |     5 |     4 |       ||     9
       Dagger            |    92 |   109 |       ||   201
Throw: Throwing net      |       |     1 |       ||     1
       Dart              |       |     3 |     8 ||    11
Evoke: Wand              |       |       |     1 ||     1
 Stab: Sleeping          |     1 |       |       ||     1
       Held in net/web   |       |     2 |       ||     2
Armor: Leather armour    |     9 |       |       ||     9
       Ring mail         |    39 |    68 |    11 ||   118
Dodge: Dodged            |    58 |   167 |    22 ||   247

Table legend: (Time is in decaauts)
 A = Elapsed time spent in this place.
 B = Non-inter-level travel time spent in this place.
 C = Inter-level travel time spent in this place.
 D = Time resting spent in this place.
 E = Time spent auto-exploring this place.
 F = Levels seen in this place.
 G = Mean time per level.
                   A        B        C        D        E       F      G
               +--------+--------+--------+--------+--------+-----+--------+
         Total |   5545 |   5411 |    134 |   1495 |   2847 |   7 |  792.1 |
       Dungeon |   5414 |   5317 |     97 |   1495 |   2774 |   6 |  902.3 |
        Temple |    130 |     93 |     37 |      0 |     73 |   1 |  130.0 |
               +--------+--------+--------+--------+--------+-----+--------+

Top non-repeatable levels by time:
     D:5: 1388 daAuts
     D:4: 1051 daAuts
     D:1: 1008 daAuts
     D:3: 929 daAuts
     D:6: 616 daAuts
     D:2: 420 daAuts
  Temple: 130 daAuts
